 Dungeon Crawl Stone Soup version 0.28.0-45-g0d030f2227 (webtiles) character file.

Game seed: 14394254871253824946

83 seaoflcl the Covered (level 4, 0/35 HPs)
             Began as a Human Fighter on Apr 10, 2022.
             Slain by an adder (1 damage)
             ... on level 3 of the Dungeon.
             The game lasted 00:02:42 (2821 turns).

seaoflcl the Covered (Human Fighter)                Turns: 2821, Time: 00:02:42

Health: 0/35       AC:  7    Str: 18    XL:     4   Next: 71%
Magic:  4/4        EV:  9    Int:  9    God:
Gold:   54         SH:  4    Dex: 12    Spells: 3/3 levels left

rFire   . . .      SeeInvis .   a - +0 long sword
rCold   . . .      Faith    .   c - +0 buckler
rNeg    . . .      Spirit   .   b - +0 scale mail
rPois   .          Reflect  .   (no helmet)
rElec   .          Harm     .   (no cloak)
rCorr   .          Rampage  .   (no gloves)
Will    .....                   (no boots)
Stlth   ..........              (no amulet)
HPRegen 0.11/turn               (no ring)
MPRegen 0.09/turn               (no ring)

@: no status effects
A: no striking features
a: no special abilities


You were on level 3 of the Dungeon.
You visited 1 branch of the dungeon, and saw 3 of its levels.

You collected 54 gold pieces.

Inventory:

Hand Weapons
 a - a +0 long sword (weapon)
Armour
 b - a +0 scale mail (worn)
 c - a +0 buckler (worn)
Wands
 k - a wand of flame (18)
Scrolls
 f - a scroll of identify {unknown}
 j - a scroll of holy word {unknown}
Potions
 d - a potion of might
 e - a potion of curing {unknown}
 g - a potion of lignification {unknown}
 h - a potion of heal wounds {unknown}
 i - a potion of magic {unknown}


   Skills:
 + Level 3.3 Fighting
 + Level 3.2 Long Blades
 + Level 3.7 Armour
 + Level 0.6 Dodging
 + Level 0.1 Stealth
 + Level 3.2 Shields


You had 3 spell levels left.
You didn't know any spells.
Your spell library contained the following spells:

 Spells                   Type           Power      Damage    Failure   Level
 Sting                    Tmut/Pois      0%         1d3       86%         1
 Poisonous Vapours        Pois/Air       0%         N/A       94%         2
 Animate Dead             Necr           0%         N/A       100%        4
 Olgreb's Toxic Radiance  Pois           0%         N/A       100%        4
 Borgnjor's Vile Clutch   Necr/Erth      0%         N/A       100%        5
 Death Channel            Necr           0%         N/A       100%        6


Dungeon Overview and Level Annotations

Branches:
Dungeon (3/15)

Altars:
Fedhas

Shops:
D:2 !


Message History

The adder is moderately wounded.
You feel sick. The adder bites you.
The kobold hits you with a +0 short sword.
The adder closely misses you. You block the kobold's attack.
You are too injured to fight recklessly!
You feel sick.
You are no longer poisoned.
The adder bites you but does no damage. The adder completely misses you.
The adder bites you.
You are poisoned.
The adder poisons you!
You open the door.
You feel sick. The adder closely misses you.
Found a scroll labelled OHYNWI OVUGG.
Found a stone staircase leading down.
You feel sick.
There is an open door here.
You feel sick.
You hit the adder.
The adder is almost dead.
You feel sick.
You are no longer poisoned.
The adder bites you but does no damage. The adder bites you.
* * * LOW HITPOINT WARNING * * *
You barely miss the adder.
The adder is almost dead.
The adder barely misses you. The adder closely misses you.
You completely miss the adder.
The adder is almost dead.
The adder closely misses you.
You closely miss the adder.
The adder is almost dead.
The adder bites you.
* * * LOW HITPOINT WARNING * * *
The adder closely misses you.
You closely miss the adder.
The adder is almost dead.
The adder bites you.
* * * LOW HITPOINT WARNING * * *
The adder bites you.
You die...

#.###..#......######
#......####...##
##.).#.# #.....#
#....#.####...##
#....#.......##
#.##########.# #.# #K#
#)# ##S## #.# #.@.#
#.## #.>..?# #..##
#.......#
####...####.........#
##.........+.........+
#.......####.........#
.......## ##.......##
........# ##.....##
.......<#


You could see an adder and a kobold.

Vanquished Creatures
  Natasha (D:2)
  A worm (D:2)
  5 orcs (D:3)
  4 bats
  5 endoplasms
  4 giant cockroaches
  6 goblins
  3 hobgoblins
  5 jackals
  3 kobolds
  A quokka (D:2)
  A ball python (D:1)
  4 frilled lizards
  3 rats (D:1)
46 creatures vanquished.

Notes
Turn   | Place    | Note
-------+----------+-------------------------------------------
     0 | D:1      | seaoflcl the Human Fighter began the quest for the Orb.
     0 | D:1      | Reached XP level 1. HP: 18/18 MP: 1/1
   279 | D:1      | Reached XP level 2. HP: 24/24 MP: 2/2
   354 | D:1      | Found a faded altar of an unknown god.
  1050 | D:1      | Reached XP level 3. HP: 29/29 MP: 3/3
  1375 | D:2      | Found Lemp's Distillery.
  1746 | D:2      | Found a blossoming altar of Fedhas.
  2132 | D:2      | Noticed Natasha
  2138 | D:2      | Killed Natasha
  2139 | D:2      | Reached XP level 4. HP: 18/35 MP: 4/4
  2821 | D:3      | HP: 1/35 [adder (3)]
  2821 | D:3      | Slain by an adder

Illustrated notes

Levels and vault maps discovered:
D:1:      dpeg_arrival_connections, layout_basic,
          shapermc_ecumenical_altar_notcrosses
D:2:      minmay_angry_zag, layout_loops_ring, basic_altar, serial_shops,
          shop_fountains, uniq_natasha
D:3:      layout_loops_corners, uniq_terence

Skill      XL: |  1  2  3 |
---------------+----------+-----
Long Blades    | 3 |  3.2
Fighting       | |  3.3
Armour         | |  3.7
Dodging        | |  0.6
Stealth        | |  0.1
Shields        | |  3.2

Action                   |  1- 3 |  4- 6 || total
-------------------------+-------+-------++-------
Melee: Long sword        |   123 |    39 ||   162
Armor: Scale mail        |    63 |    16 ||    79
Dodge: Dodged            |    49 |    21 ||    70
Block: Buckler           |    25 |     8 ||    33
